 Dungeon Crawl Stone Soup version 0.13.0-13-g27bfa31 (webtiles) character file.

180 Antur the Insei (level 4, -3/32 HPs)
             Began as a Merfolk Transmuter on Oct 20, 2013.
             Slain by Grinder (6 damage)
             ... while paralysed by Grinder
             ... on Level 3 of the Dungeon.
             The game lasted 00:07:09 (2133 turns).

Antur the Insei (Merfolk Transmuter)                Turns: 2133, Time: 00:07:10

HP  -3/32        AC  2     Str 10      XL: 4   Next: 42%
MP   6/6         EV  2     Int 12      God:
Gold 99          SH  0     Dex 15      Spells:  2 memorised,  4 levels left

Res.Fire  : . . .   See Invis. : .     - Unarmed
Res.Cold  : . . .   Warding    : .   c - +0 robe (curse)
Life Prot.: . . .   Conserve   : .   (no shield)
Res.Poison: .       Res.Corr.  : .   (no helmet)
Res.Elec. : .       Clarity    : .   (no cloak)
Sust.Abil.: . .     Spirit.Shd : .   (no gloves)
Res.Mut.  : +       Stasis     : .   (no boots)
Res.Rott. : .       Flight     : .   j - amulet of resist mutation
Saprovore : . . .                    (no ring)
                                     g - ring of sustenance

@: paralysed, about to teleport, slightly resistant to hostile enchantments,
unstealthy
A: change form in water, swift swim
a: no special abilities


You were on level 3 of the Dungeon.
You were not hungry.

You visited 1 branch of the dungeon, and saw 3 of its levels.

You collected 79 gold pieces.

Inventory:

Missiles
 b - 12 arrows
Armour
 c - a cursed +0 robe (worn)
Magical devices
 k - a wand of slowing (3)
Comestibles
 a - a bread ration
 l - a meat ration
Scrolls
 e - a scroll of teleportation
 h - a scroll of noise {unknown}
Jewellery
 g - a ring of sustenance (left hand)
 i - a cursed ring of teleportation
 j - an amulet of resist mutation (around neck)
Potions
 f - 2 potions of might
Books
 d - a book of Changes

   Spells                             Type                      Level
   *Beastly Appendage                 Transmutation                1
   Sticks to Snakes                   Transmutation                2
   *Spider Form                       Transmutation/Poison         3
   Ice Form                           Ice/Transmutation            4
   Blade Hands                        Transmutation                5


   Skills:
 + Level 1.2 Fighting
 + Level 3.1 Dodging
 + Level 3.9 Unarmed Combat
 + Level 2.9 Spellcasting
 * Level 3.9 Transmutations


You had 4 spell levels left.
You knew the following spells:

 Your Spells              Type           Power        Failure   Level  Hunger
a - Beastly Appendage     Trmt           ##....       6%          1    #......
b - Spider Form           Trmt/Pois      #.........   34%         3    ####...


Dungeon Overview and Level Annotations

Branches:
Dungeon (3/27)

Altars:
Cheibriados
Fedhas

Annotations:
D:3 Grinder


Message History

The giant gecko barely misses you.
You closely miss the giant gecko.
The giant gecko is almost dead.
The giant gecko misses you.
You barely miss the giant gecko.
The giant gecko is almost dead.
The giant gecko barely misses you.
Read which item? (? for menu, Esc to quit)
As you read the scroll of teleportation, it crumbles to dust.
You feel strangely unstable. The giant gecko bites you.
You hit the giant gecko.
You kill the giant gecko!
Grinder gestures at you.
You suddenly lose the ability to move!
Grinder hits you!
You writhe in agony.
* * * LOW HITPOINT WARNING * * *
Grinder hits you.
* * * LOW HITPOINT WARNING * * *
You writhe in agony.
You die...

. ... #.# . ... ##...
###.#.#####......
.........@5........
#..####.####......
##.....##....#
#.......#....#
#.......#...##########
......_........##.......
..#.......#%5#..#.......
.#.......#.....#.......
##.....##.#ยง#....<....


You could see Grinder.

Vanquished Creatures
  A gnoll (D:2)
  2 adders (D:2)
  A giant mite (D:2)
  4 giant geckos
  An orc (D:2)
  A ball python (D:2)
  7 giant cockroaches
  9 hobgoblins
  A jackal (D:2)
  2 quokkas (D:2)
  5 bats
  2 giant newts
  A goblin (D:1)
  2 kobolds
  3 rats
42 creatures vanquished.

Vanquished Creatures (others)
  4 toadstools (D:1)
4 creatures vanquished.

Grand Total: 46 creatures vanquished

Notes
Turn   | Place    | Note
--------------------------------------------------------------
     0 | D:1      | Antur, the Merfolk Transmuter, began the quest for the Orb.
     0 | D:1      | Reached XP level 1. HP: 15/15 MP: 1/1
   116 | D:1      | Reached XP level 2. HP: 21/21 MP: 0/3
   804 | D:2      | Reached XP level 3. HP: 24/26 MP: 2/4
  1428 | D:2      | Learned a level 3 spell: Spider Form
  1486 | D:2      | HP: 1/26 [poisoned by an adder]
  1756 | D:2      | Found a snail-covered altar of Cheibriados.
  1768 | D:2      | Reached XP level 4. HP: 27/32 MP: 2/6
  2113 | D:3      | Found a blossoming altar of Fedhas.
  2113 | D:3      | Noticed Grinder
  2131 | D:3      | Paralysed by Grinder for 2 turns
  2133 | D:3      | Slain by Grinder

Action                   |  1- 3 |  4- 6 || total
-------------------------+-------+-------++-------
Melee: Unarmed           |   126 |    40 ||   166
 Cast: Beastly Appendage |    17 |       ||    17
       Spider Form       |     1 |       ||     1
  Use: Scroll            |     7 |     2 ||     9
       Potion            |     3 |       ||     3
